 Dungeon Crawl Stone Soup version 0.31-a0-826-ga5cc291a1b (webtiles) character file.

Game seed: 11703756334679418998

27957 qw the Skirmisher (level 13, -3/88 HPs)
             Began as a Gargoyle Hunter on Sept 23, 2023.
             Was an Elder of Okawaru.
             Slain by a minotaur
             ... wielding a staff of death
              (13 damage)
             ... in a Gauntlet.
             The game lasted 00:07:53 (13529 turns).

qw the Skirmisher (Gargoyle Hunter)                Turns: 13529, Time: 00:07:53

Health: -3/88      AC: 29    Str: 19    XL:     13   Next: 35%
Magic:  19/19      EV: 23    Int: 10    God:    Okawaru [****..]
Gold:   815        SH:  5    Dex: 17    Spells: 12/12 levels left

rFire   . . .        Y - +3 shortbow
rCold   . . .        (shield currently unavailable)
rNeg    + . .        j - +3 acid dragon scales
rPois   inf          b - +2 helmet
rElec   +            (no cloak)
rCorr   +            l - +0 pair of gloves {Str+3}
SInv    .            d - +0 pair of boots
Will    .....        f - amulet of reflection
Stlth   +++          g - +5 ring of evasion
HPRegen 0.34/turn    (no ring)
MPRegen 0.16/turn

%: no teleportation, reflection
@: heroic
A: sickness immunity, AC +9, negative energy resistance 1, electricity
resistance, torment resistance 1, petrification resistance
a: Renounce Religion, Heroism, Finesse


You were in a Gauntlet.
You worshipped Okawaru.
Okawaru was greatly pleased with you.
You visited 3 branches of the dungeon, and saw 14 of its levels.
You also visited: Gauntlet.

You collected 815 gold pieces.


Innate Abilities, Weirdness & Mutations

You are immune to sickness and miasma.
Your stone body is resilient. (AC +9)
You are immune to poison.
You resist negative energy. (rN+)
You are resistant to electric shocks. (rElec)
You are resistant to unholy torment.
You are immune to petrification.


   Skills:
 - Level 13.0(18.0) Fighting
 - Level 14.1(19.1) Ranged Weapons
 + Level 8.3(13.3) Armour
 - Level 7.0(12.0) Dodging
 - Level 1.1(6.1) Stealth
 + Level 8.3 Invocations


You had 12 spell levels left.
You didn't know any spells.
Your spell library was empty.

Inventory:

Hand Weapons
 Y - a +3 shortbow (weapon)
Armour
 b - a +2 helmet (worn)
 d - a +0 pair of boots (worn)
 j - +3 acid dragon scales (worn)
 l - a +0 pair of gloves of strength (worn)
Jewellery
 f - an amulet of reflection (around neck)
 g - a +5 ring of evasion (left hand)
Wands
 k - a wand of digging (5)
Scrolls
 a - 6 scrolls of identify
 c - 2 scrolls of teleportation
Potions
 e - 13 potions of curing
 i - 2 potions of might

Dungeon Overview and Level Annotations

Branches:
Dungeon (10/15)            Temple (1/1) D:6            Lair (3/5) D:10
 Shoals (0/4) Lair:2        Snake (0/4) Lair:2      Gauntlet (1/1)
    Orc: D:9-12

Altars:
Ashenzari
Cheibriados
Dithmenos
Elyvilon
Fedhas
Gozag
Hepliaklqana
Kikubaaqudgha
Makhleb
Nemelex Xobeh
Okawaru
Qazlal
Ru
Sif Muna
Trog
Uskayaw
Vehumet
Wu Jian
Xom
Yredelemnul
Zin
The Shining One

Shops:
D:5 :   D:7 :

Portals:
Volcano: Lair:3

Annotations:
Lair:2 3 runed translucent doors Gauntlet 8 transporters, 3 runed translucent doors


Message History

You shoot an arrow.
The arrow hits the minotaur but does no damage.
The minotaur is almost dead.
The minotaur hits you with a staff of death!
You writhe in agony.
The minotaur barely misses you.
13521 ||| DRINKING potion of heal wounds.
You feel much better.
The minotaur hits you but does no damage.
You writhe in agony!
The minotaur gores you.
You shoot an arrow. The arrow hits the minotaur.
The minotaur is almost dead.
The minotaur misses you. You block the minotaur's attack.
You shoot an arrow.
The arrow hits the minotaur but does no damage.
The minotaur is almost dead.
The minotaur closely misses you. The minotaur completely misses you.
You shoot an arrow. The arrow hits the minotaur.
The minotaur is almost dead.
You shoot an arrow.
The arrow hits the minotaur but does no damage.
The minotaur is almost dead.
The minotaur hits you but does no damage.
You writhe in agony!
The minotaur misses you.
You shoot an arrow.
The arrow hits the minotaur but does no damage.
The minotaur is almost dead.
The minotaur hits you but does no damage.
You writhe in agony.
The minotaur closely misses you.
You shoot an arrow.
The arrow hits the minotaur but does no damage.
The minotaur is almost dead.
The minotaur hits you with a staff of death!
You writhe in agony.
The minotaur gores you but does no damage.
You shoot an arrow. The arrow closely misses the minotaur.
You shoot an arrow.
The arrow hits the minotaur but does no damage.
The minotaur is almost dead.
The minotaur hits you with a staff of death!
You die...

##.[#..##
....#..~#########
#####..###.##...#
.......##..##.#.#
#####..#......#.# #
...9#..#...##.#.# '##
###/#.8#.^.##...# .}.#
#.^.#..#...##.#.##\...#
^..Y#.\#.^....#.@H...}+
#.^"#..#...##.#.##.}..#
###)#.8#.^.##...# +###
....#..#...##.#.#
#####..#......#.#
.......##..## #.#
#####..###.# ..#
....#..~# ## ###
.#..#..##


You could see a minotaur.

Vanquished Creatures
  2 hydras
  A boulder beetle (D:10)
  A centaur warrior (D:10)
  2 two-headed ogres (D:10)
  Amaemon (D:8)
  A lindwurm (Lair:3)
  A manticore (D:10)
  5 oklob plants
  2 elephants
  A slime creature (Gauntlet)
  A torpor snail (Lair:2)
  3 black mambas
  Maggie (D:7)
  An orange demon (D:8)
  6 cane toads
  2 rime drakes (Lair:2)
  Jeremiah (D:8)
  4 komodo dragons
  An efreet (Gauntlet)
  An unseen horror (D:10)
  A tengu conjurer (D:10)
  A queen bee (Gauntlet)
  A troll (D:10)
  4 blink frogs (Lair:2)
  A shadow (D:9)
  2 vampires
  26 yaks
  3 basilisks
  2 wraiths (D:10)
  3 wyverns
  2 steam dragons
  Grum (D:8)
  A fire elemental (Gauntlet)
  A vampire mosquito (D:10)
  An acid dragon (D:10)
  Menkaure (D:6)
  5 nagas (Lair:2)
  10 water moccasins
  3 hell hounds (Gauntlet)
  4 orc warriors
  An ice beast (D:6)
  A sky beast (D:6)
  7 wolves
  2 ogres (D:5)
  Blork the orc (D:4)
  9 bullfrogs
  3 kobold brigands
  2 gnoll sergeants (D:9)
  3 scorpions (D:6)
  4 wights (D:8)
  11 killer bees
  An electric eel (D:8)
  2 howler monkeys
  3 hounds
  4 jellies
  9 orc priests
  5 iguanas
  2 sleepcaps
  9 orc wizards
  14 gnolls
  A river rat (Lair:3)
  12 adders
  2 ufetubi
  3 worms
  2 dart slugs (D:1)
  27 orcs
  7 ball pythons
  6 bats
  11 endoplasms
  A giant cockroach (D:1)
  13 goblins
  7 hobgoblins
  2 jackals (D:3)
  25 kobolds
  2 quokkas
  3 frilled lizards
  6 rats
334 creatures vanquished.

Vanquished Creatures (others)
  Psyche (D:8)
1 creature vanquished.

Grand Total: 335 creatures vanquished

Notes
Turn   | Place    | Note
-------+----------+-------------------------------------------
     0 | D:1      | qw the Gargoyle Hunter began the quest for the Orb.
     0 | D:1      | Reached XP level 1. HP: 12/12 MP: 1/1
     0 | D:1      | 0 ||| qw: Version: 0.3-a-83-gcd0e7d8
     0 | D:1      | 0 ||| qw: Game counter: 1910
     0 | D:1      | 0 ||| qw: Melee chars always use a shield: true
     0 | D:1      | 0 ||| qw: God list: Okawaru
     0 | D:1      | 0 ||| qw: Allow faded altars: false
     0 | D:1      | 0 ||| qw: Do Orc after clearing Dungeon:15 true
     0 | D:1      | 0 ||| qw: Do second Lair branch before Depths: true
     0 | D:1      | 0 ||| qw: Lair rune preference: random
     0 | D:1      | 0 ||| qw: Goals: Normal
     0 | D:1      | 0 ||| PLANNING D:1-11
    60 | D:1      | Reached XP level 2. HP: 17/17 MP: 2/2
   128 | D:1      | You fall into a shaft and drop 1 floor!
   133 | D:2      | Reached XP level 3. HP: 21/21 MP: 3/3
   173 | D:2      | Reached skill level 5 in Ranged Weapons
   208 | D:2      | 208 ||| READING 3 scrolls labelled RYAKOPY HOEK.
   209 | D:2      | 209 ||| READING 2 scrolls labelled UHEROBB RIRRU.
   210 | D:2      | 210 ||| READING scroll of enchant weapon.
   210 | D:2      | 210 ||| ENCHANTING +1 shortbow.
   211 | D:2      | 211 ||| READING 2 scrolls of identify.
   211 | D:2      | 211 ||| IDENTIFYING coppery potion
   212 | D:2      | 212 ||| DROPPING scroll of butterflies.
   532 | D:1      | Reached skill level 3 in Fighting
   532 | D:1      | Reached XP level 4. HP: 28/28 MP: 4/4
   576 | D:1      | 576 ||| DROPPING ring of magical power.
   577 | D:1      | 577 ||| READING scroll labelled QYGOCELUNEU.
   678 | D:1      | 678 ||| READING 2 scrolls of identify.
   678 | D:1      | 678 ||| IDENTIFYING yellow potion
   679 | D:1      | 679 ||| DROPPING potion of attraction.
   776 | D:2      | Found a faded altar of an unknown god.
  1197 | D:2      | 1197 ||| READING scroll labelled CUSAERETID.
  1198 | D:2      | 1198 ||| READING scroll labelled BUROIT KERCH.
  1382 | D:3      | 1382 ||| RETREEAATING.
  1385 | D:3      | 1385 ||| STILL RETREEAATING.
  1386 | D:3      | 1386 ||| STILL RETREEAATING.
  1390 | D:3      | 1390 ||| Stepping ~*~*~tactically~*~*~ (retreating).
  1391 | D:3      | 1391 ||| Stepping ~*~*~tactically~*~*~ (retreating).
  1392 | D:3      | 1392 ||| Stepping ~*~*~tactically~*~*~ (retreating).
  1399 | D:3      | Reached XP level 5. HP: 30/32 MP: 5/5
  1404 | D:3      | Reached skill level 6 in Ranged Weapons
  1990 | D:3      | 1990 ||| UPGRADING to +0 helmet.
  1995 | D:3      | 1995 ||| UPGRADING to +0 ring mail.
  2005 | D:3      | 2005 ||| DROPPING +0 leather armour.
  2006 | D:3      | 2006 ||| READING 2 scrolls labelled BEYTA WUAJ.
  2007 | D:3      | 2007 ||| READING scroll labelled EMAHUCE UDUNA.
  2008 | D:3      | 2008 ||| DROPPING scroll of fog.
  2146 | D:4      | Reached skill level 1 in Armour
  2372 | D:4      | Reached XP level 6. HP: 39/39 MP: 6/6
  2414 | D:4      | Noticed Blork the orc
  2424 | D:4      | Killed Blork the orc
  2548 | D:4      | 2548 ||| FLEEEEING.
  2553 | D:4      | 2553 ||| STAIRDANCE
  2571 | D:3      | 2571 ||| UPGRADING to +2 robe.
  2581 | D:3      | 2581 ||| DROPPING +0 ring mail.
  2602 | D:4      | Reached skill level 7 in Ranged Weapons
  2880 | D:4      | Reached XP level 7. HP: 44/44 MP: 7/7
  3202 | D:4      | Noticed a wyvern
  3213 | D:4      | Killed a wyvern
  3214 | D:4      | Reached skill level 3 in Dodging
  3317 | D:4      | 3317 ||| READING scroll labelled PUBIRAPOMM.
  3318 | D:4      | 3318 ||| READING scroll labelled SASOGG OFOGE.
  3323 | D:4      | 3323 ||| READING scroll labelled IWNEEM NAUCSY.
  3345 | D:5      | Entered Level 5 of the Dungeon
  3515 | D:5      | Found Nebimer's Tiny Tomes.
  3571 | D:5      | 3571 ||| READING scroll of enchant armour.
  3571 | D:5      | 3571 ||| ENCHANTING +0 helmet.
  3611 | D:5      | Reached skill level 8 in Ranged Weapons
  3750 | D:5      | Reached XP level 8. HP: 48/48 MP: 8/8
  3903 | D:5      | 3903 ||| DROPPING scarf of shadows.
  3904 | D:5      | 3904 ||| UPGRADING to amulet of reflection.
  3909 | D:5      | 3909 ||| READING 3 scrolls of identify.
  3909 | D:5      | 3909 ||| IDENTIFYING black potion
  3910 | D:5      | 3910 ||| DROPPING potion of lignification.
  3962 | D:6      | Found a staircase to the Ecumenical Temple.
  3963 | D:6      | 3963 ||| PLANNING TEMPLE
  3974 | D:6      | 3974 ||| READING scroll of enchant armour.
  3974 | D:6      | 3974 ||| ENCHANTING +1 helmet.
  3979 | Temple   | Entered the Ecumenical Temple
  3980 | Temple   | 3980 ||| PLANNING OKAWARU WORSHIP
  4002 | Temple   | Became a worshipper of Warmaster Okawaru
  4003 | Temple   | 4003 ||| PLANNING D:1-11
  4347 | D:6      | Reached skill level 9 in Ranged Weapons
  4391 | D:6      | Noticed Menkaure
  4398 | D:6      | Killed Menkaure
  4398 | D:6      | Reached * piety under Okawaru
  4399 | D:6      | Reached skill level 6 in Fighting
  4427 | D:6      | Reached skill level 1 in Invocations
  4515 | D:6      | 4515 ||| UPGRADING to +5 ring of evasion.
  4516 | D:6      | 4516 ||| READING 4 scrolls of identify.
  4516 | D:6      | 4516 ||| IDENTIFYING fuming red potion
  4548 | D:7      | 4548 ||| STAIRDANCE
  4678 | D:7      | Reached skill level 3 in Invocations
  4710 | D:7      | 4710 ||| INVOKING Heroism.
  4711 | D:7      | 4711 ||| INVOKING Heroism.
  4715 | D:7      | Reached XP level 9. HP: 55/55 MP: 8/11
  4830 | D:7      | Found a white marble altar of Elyvilon.
  4831 | D:7      | Found a radiant altar of Vehumet.
  5007 | D:7      | Found Yhuun Ykh's Self-Published Books.
  5085 | D:7      | Noticed Maggie
  5086 | D:7      | 5086 ||| INVOKING Heroism.
  5108 | D:7      | Killed Maggie
  5109 | D:7      | Reached skill level 10 in Ranged Weapons
  5498 | D:7      | 5498 ||| UPGRADING to +2 acid dragon scales.
  5508 | D:7      | 5508 ||| DROPPING +2 robe.
  5509 | D:7      | 5509 ||| READING scroll of enchant armour.
  5509 | D:7      | 5509 ||| ENCHANTING +2 acid dragon scales.
  5510 | D:7      | 5510 ||| READING 3 scrolls of identify.
  5510 | D:7      | 5510 ||| IDENTIFYING fuming golden potion
  5558 | D:8      | 5558 ||| INVOKING Heroism.
  5647 | D:8      | 5647 ||| RETREEAATING.
  5649 | D:8      | 5649 ||| STILL RETREEAATING.
  5650 | D:8      | 5650 ||| STILL RETREEAATING.
  5653 | D:8      | Noticed Grum
  5654 | D:8      | 5654 ||| INVOKING Heroism.
  5661 | D:8      | Reached skill level 3 in Armour
  5683 | D:8      | Killed Grum
  5739 | D:8      | 5739 ||| INVOKING Heroism.
  5761 | D:8      | Noticed Psyche
  5769 | D:8      | Killed Psyche
  5770 | D:8      | Reached skill level 11 in Ranged Weapons
  5775 | D:8      | 5775 ||| FLEEEEING.
  5779 | D:8      | 5779 ||| FLEEEEING.
  5780 | D:8      | 5780 ||| FLEEEEING.
  5781 | D:8      | 5781 ||| FLEEEEING.
  5782 | D:8      | 5782 ||| FLEEEEING.
  5783 | D:8      | 5783 ||| FLEEEEING.
  5784 | D:8      | 5784 ||| FLEEEEING.
  5785 | D:8      | 5785 ||| FLEEEEING.
  5791 | D:8      | 5791 ||| FLEEEEING.
  5792 | D:8      | 5792 ||| FLEEEEING.
  5793 | D:8      | 5793 ||| FLEEEEING.
  5794 | D:8      | 5794 ||| FLEEEEING.
  5801 | D:8      | 5801 ||| FLEEEEING.
  5802 | D:8      | 5802 ||| FLEEEEING.
  5803 | D:8      | 5803 ||| FLEEEEING.
  5804 | D:8      | 5804 ||| FLEEEEING.
  5805 | D:8      | 5805 ||| FLEEEEING.
  5806 | D:8      | 5806 ||| FLEEEEING.
  5811 | D:8      | 5811 ||| FLEEEEING.
  5812 | D:8      | 5812 ||| FLEEEEING.
  5813 | D:8      | 5813 ||| FLEEEEING.
  5814 | D:8      | 5814 ||| FLEEEEING.
  5815 | D:8      | 5815 ||| FLEEEEING.
  5816 | D:8      | 5816 ||| FLEEEEING.
  5817 | D:8      | 5817 ||| FLEEEEING.
  5818 | D:8      | 5818 ||| FLEEEEING.
  5819 | D:8      | 5819 ||| FLEEEEING.
  5821 | D:8      | 5821 ||| FLEEEEING.
  5822 | D:8      | 5822 ||| FLEEEEING.
  5828 | D:8      | 5828 ||| STAIRDANCE
  5859 | D:8      | 5859 ||| INVOKING Heroism.
  6037 | D:8      | Reached XP level 10. HP: 61/64 MP: 13/13
  6107 | D:8      | Reached ** piety under Okawaru
  6197 | D:8      | 6197 ||| FLEEEEING.
  6198 | D:8      | 6198 ||| FLEEEEING.
  6199 | D:8      | 6199 ||| FLEEEEING.
  6200 | D:8      | 6200 ||| FLEEEEING.
  6201 | D:8      | 6201 ||| FLEEEEING.
  6202 | D:8      | 6202 ||| FLEEEEING.
  6203 | D:8      | 6203 ||| FLEEEEING.
  6204 | D:8      | 6204 ||| FLEEEEING.
  6205 | D:8      | 6205 ||| FLEEEEING.
  6206 | D:8      | 6206 ||| FLEEEEING.
  6207 | D:8      | 6207 ||| FLEEEEING.
  6208 | D:8      | 6208 ||| STAIRDANCE
  6229 | D:7      | 6229 ||| READING scroll labelled BAPYRI OHIRE.
  6309 | D:8      | Noticed an orange demon
  6310 | D:8      | Noticed Amaemon
  6311 | D:8      | 6311 ||| RETREEAATING.
  6317 | D:8      | 6317 ||| Stepping ~*~*~tactically~*~*~ (retreating).
  6318 | D:8      | 6318 ||| INVOKING Heroism.
  6330 | D:8      | Killed an orange demon
  6344 | D:8      | 6344 ||| INVOKING Heroism.
  6345 | D:8      | Killed Amaemon
  6346 | D:8      | Reached skill level 12 in Ranged Weapons
  6527 | D:8      | Noticed Jeremiah
  6539 | D:8      | 6539 ||| FLEEEEING.
  6591 | D:8      | 6591 ||| INVOKING Heroism.
  6612 | D:8      | 6612 ||| INVOKING Heroism.
  6631 | D:8      | 6631 ||| INVOKING Heroism.
  6639 | D:8      | Killed Jeremiah
  6970 | D:9      | 6970 ||| INVOKING Heroism.
  6973 | D:9      | 6973 ||| Stepping ~*~*~tactically~*~*~ (retreating).
  6982 | D:9      | Reached skill level 13 in Ranged Weapons
  7004 | D:9      | 7004 ||| INVOKING Heroism.
  7088 | D:9      | 7088 ||| INVOKING Heroism.
  7118 | D:9      | 7118 ||| INVOKING Heroism.
  7205 | D:9      | 7205 ||| INVOKING Heroism.
  7328 | D:9      | 7328 ||| READING scroll of enchant weapon.
  7328 | D:9      | 7328 ||| ENCHANTING +2 shortbow.
  7596 | D:9      | 7596 ||| RETREEAATING.
  7598 | D:9      | 7598 ||| RETREEAATING.
  7600 | D:9      | 7600 ||| RETREEAATING.
  7602 | D:9      | 7602 ||| Stepping ~*~*~tactically~*~*~ (retreating).
  7621 | D:9      | Reached skill level 9 in Fighting
  8007 | D:9      | 8007 ||| READING scroll labelled ZINLUT BICS.
  8022 | D:10     | Entered Level 10 of the Dungeon
  8057 | D:10     | Noticed a two-headed ogre
  8058 | D:10     | 8058 ||| RETREEAATING.
  8059 | D:10     | Noticed a two-headed ogre
  8060 | D:10     | 8060 ||| INVOKING Heroism.
  8061 | D:10     | Noticed a manticore
  8065 | D:10     | Noticed a cyclops
  8071 | D:10     | Killed a two-headed ogre
  8072 | D:10     | Reached XP level 11. HP: 47/71 MP: 12/14
  8090 | D:10     | 8090 ||| INVOKING Heroism.
  8113 | D:10     | HP: 16/71 [manticore (10)]
  8114 | D:10     | 8114 ||| READING scroll of teleportation.
  8115 | D:10     | 8115 ||| DRINKING 2 potions of heal wounds.
  8118 | D:10     | Killed a manticore
  8258 | D:10     | Reached *** piety under Okawaru
  8422 | D:10     | 8422 ||| INVOKING Heroism.
  8492 | D:10     | Found a staircase to the Lair.
  8594 | D:10     | 8594 ||| INVOKING Heroism.
  8601 | D:10     | Noticed a boulder beetle
  8612 | D:10     | 8612 ||| RETREEAATING.
  8613 | D:10     | 8613 ||| STILL RETREEAATING.
  8614 | D:10     | 8614 ||| Stepping ~*~*~tactically~*~*~ (retreating).
  8622 | D:10     | 8622 ||| INVOKING Heroism.
  8646 | D:10     | 8646 ||| INVOKING Heroism.
  8660 | D:10     | Killed a boulder beetle
  8661 | D:10     | Reached skill level 14 in Ranged Weapons
  8841 | D:10     | 8841 ||| Stepping randomly (disturbance).
  8842 | D:10     | 8842 ||| Stepping randomly (disturbance).
  8850 | D:10     | 8850 ||| Stepping randomly (disturbance).
  8943 | D:10     | Noticed a centaur warrior
  8945 | D:10     | Killed a centaur warrior
  8948 | D:10     | 8948 ||| INVOKING Heroism.
  8970 | D:10     | 8970 ||| INVOKING Heroism.
  9194 | D:10     | 9194 ||| INVOKING Heroism.
  9207 | D:10     | Killed a two-headed ogre
  9427 | D:10     | 9427 ||| PLANNING LAIR
  9481 | Lair:1   | Entered Level 1 of the Lair of Beasts
  9482 | Lair:1   | 9482 ||| INVOKING Heroism.
  9483 | Lair:1   | 9483 ||| STAIRDANCE
  9503 | Lair:1   | 9503 ||| INVOKING Heroism.
  9517 | Lair:1   | 9517 ||| STAIRDANCE
  9526 | Lair:1   | 9526 ||| Stepping ~*~*~tactically~*~*~ (water).
  9536 | Lair:1   | 9536 ||| Stepping ~*~*~tactically~*~*~ (water).
  9541 | Lair:1   | 9541 ||| INVOKING Heroism.
  9571 | Lair:1   | 9571 ||| INVOKING Heroism.
  9768 | Lair:1   | 9768 ||| INVOKING Heroism.
  9992 | Lair:1   | Reached XP level 12. HP: 80/80 MP: 15/15
 10266 | Lair:1   | 10266 ||| INVOKING Heroism.
 10303 | Lair:1   | 10303 ||| INVOKING Heroism.
 10304 | Lair:1   | 10304 ||| UPGRADING to +0 pair of boots.
 10335 | Lair:1   | 10335 ||| INVOKING Heroism.
 10348 | Lair:1   | Reached skill level 6 in Armour
 10371 | Lair:1   | Reached **** piety under Okawaru
 10383 | Lair:1   | 10383 ||| INVOKING Heroism.
 10419 | Lair:1   | 10419 ||| INVOKING Heroism.
 10426 | Lair:1   | Reached skill level 12 in Fighting
 10435 | Lair:1   | HP: 15/81 [komodo dragon (13)]
 10436 | Lair:1   | 10436 ||| READING 2 scrolls of teleportation.
 10437 | Lair:1   | 10437 ||| DRINKING potion of heal wounds.
 10438 | Lair:1   | 10438 ||| INVOKING Heroism.
 10716 | Lair:1   | 10716 ||| DROPPING +2 robe.
 10878 | Lair:2   | 10878 ||| RETREEAATING.
 10880 | Lair:2   | 10880 ||| STILL RETREEAATING.
 10881 | Lair:2   | 10881 ||| STILL RETREEAATING.
 10882 | Lair:2   | 10882 ||| STILL RETREEAATING.
 10883 | Lair:2   | 10883 ||| STILL RETREEAATING.
 10884 | Lair:2   | 10884 ||| Stepping ~*~*~tactically~*~*~ (retreating).
 10885 | Lair:2   | 10885 ||| Stepping ~*~*~tactically~*~*~ (retreating).
 10886 | Lair:2   | 10886 ||| Stepping ~*~*~tactically~*~*~ (retreating).
 10887 | Lair:2   | 10887 ||| INVOKING Heroism.
 10903 | Lair:2   | 10903 ||| INVOKING Heroism.
 10926 | Lair:2   | 10926 ||| INVOKING Heroism.
 10940 | Lair:2   | Reached skill level 6 in Dodging
 11030 | Lair:2   | 11030 ||| RETREEAATING.
 11031 | Lair:2   | 11031 ||| STILL RETREEAATING.
 11032 | Lair:2   | 11032 ||| Stepping ~*~*~tactically~*~*~ (retreating).
 11033 | Lair:2   | 11033 ||| Stepping ~*~*~tactically~*~*~ (retreating).
 11034 | Lair:2   | 11034 ||| INVOKING Heroism.
 11038 | Lair:2   | 11038 ||| Stepping ~*~*~tactically~*~*~ (retreating).
 11089 | Lair:2   | 11089 ||| RETREEAATING.
 11091 | Lair:2   | 11091 ||| STILL RETREEAATING.
 11093 | Lair:2   | 11093 ||| STILL RETREEAATING.
 11094 | Lair:2   | 11094 ||| STILL RETREEAATING.
 11097 | Lair:2   | 11097 ||| RETREEAATING.
 11124 | Lair:2   | 11124 ||| INVOKING Heroism.
 11233 | Lair:2   | Found a staircase to the Snake Pit.
 11274 | Lair:2   | Found a staircase to the Shoals.
 11356 | Lair:2   | 11356 ||| RETREEAATING.
 11370 | Lair:2   | 11370 ||| FLEEEEING.
 11371 | Lair:2   | 11371 ||| FLEEEEING.
 11372 | Lair:2   | 11372 ||| FLEEEEING.
 11373 | Lair:2   | 11373 ||| RETREEAATING.
 11374 | Lair:2   | 11374 ||| STILL RETREEAATING.
 11375 | Lair:2   | 11375 ||| Stepping ~*~*~tactically~*~*~ (retreating).
 11376 | Lair:2   | 11376 ||| Stepping ~*~*~tactically~*~*~ (retreating).
 11384 | Lair:2   | 11384 ||| INVOKING Heroism.
 11411 | Lair:2   | 11411 ||| INVOKING Heroism.
 11566 | Lair:2   | Found a runed translucent gate.
 11567 | Lair:2   | Found a runed translucent gate.
 11568 | Lair:2   | Found a runed translucent gate.
 11585 | Lair:2   | 11585 ||| Stepping ~*~*~tactically~*~*~ (retreating).
 11589 | Lair:2   | 11589 ||| Stepping ~*~*~tactically~*~*~ (retreating).
 11590 | Lair:2   | 11590 ||| Stepping ~*~*~tactically~*~*~ (retreating).
 11606 | Lair:2   | 11606 ||| Stepping ~*~*~tactically~*~*~ (retreating).
 11607 | Lair:2   | 11607 ||| Stepping ~*~*~tactically~*~*~ (retreating).
 11689 | Lair:2   | 11689 ||| INVOKING Heroism.
 11744 | Lair:2   | Noticed a six-headed hydra
 11745 | Lair:2   | 11745 ||| Stepping ~*~*~tactically~*~*~ (retreating).
 11746 | Lair:2   | 11746 ||| INVOKING Heroism.
 11775 | Lair:2   | Killed a six-headed hydra
 11780 | Lair:2   | 11780 ||| INVOKING Heroism.
 11787 | Lair:2   | Reached skill level 6 in Invocations
 11931 | Lair:2   | 11931 ||| INVOKING Heroism.
 11934 | Lair:2   | Reached XP level 13. HP: 58/88 MP: 14/17
 12046 | Lair:2   | 12046 ||| RETREEAATING.
 12057 | Lair:2   | 12057 ||| Stepping ~*~*~tactically~*~*~ (retreating).
 12475 | Lair:2   | 12475 ||| READING 7 scrolls of identify.
 12475 | Lair:2   | 12475 ||| IDENTIFYING brown potion
 12476 | Lair:2   | 12476 ||| DROPPING potion of brilliance.
 12533 | Lair:3   | 12533 ||| PLANNING GAUNTLET
 12552 | Lair:3   | Reached ***** piety under Okawaru
 12576 | Lair:3   | 12576 ||| INVOKING Heroism.
 12636 | Lair:3   | 12636 ||| INVOKING Heroism.
 12670 | Lair:3   | Found a dark tunnel.
 12671 | Lair:3   | 12671 ||| INVOKING Heroism.
 12787 | Lair:3   | 12787 ||| INVOKING Heroism.
 12788 | Lair:3   | 12788 ||| RETREEAATING.
 12843 | Lair:3   | Found a gate leading to a gauntlet.
 12844 | Lair:3   | 12844 ||| INVOKING Heroism.
 12866 | Gauntlet | Entered a Gauntlet
 12866 | Gauntlet | Found a transporter.
 12866 | Gauntlet | Found a runed translucent gate.
 12866 | Gauntlet | Found a transporter.
 12868 | Gauntlet | Found a runed translucent gate.
 12869 | Gauntlet | Found a runed translucent gate.
 12872 | Gauntlet | Found a transporter.
 12884 | Gauntlet | Found a transporter.
 12902 | Gauntlet | Found a transporter.
 12902 | Gauntlet | Found a transporter.
 12902 | Gauntlet | Found a transporter.
 12904 | Gauntlet | Found a transporter.
 12905 | Gauntlet | Found a transporter.
 12919 | Gauntlet | Found a transporter.
 12921 | Gauntlet | Found the +9 sword of Zonguldrok {reap}
 12932 | Gauntlet | Found a transporter.
 12934 | Gauntlet | Found the +2 Maxwell's thermic engine {flame, freeze, rev}
 12942 | Gauntlet | Found a transporter.
 12944 | Gauntlet | Noticed a quicksilver ooze
 12956 | Gauntlet | Found a transporter.
 12976 | Gauntlet | Found a transporter.
 13020 | Gauntlet | 13020 ||| INVOKING Heroism.
 13043 | Gauntlet | 13043 ||| INVOKING Heroism.
 13171 | Gauntlet | 13171 ||| UPGRADING to +0 pair of gloves of strength.
 13195 | Gauntlet | 13195 ||| Stepping ~*~*~tactically~*~*~ (retreating).
 13196 | Gauntlet | 13196 ||| INVOKING Heroism.
 13264 | Gauntlet | 13264 ||| Stepping ~*~*~tactically~*~*~ (retreating).
 13265 | Gauntlet | 13265 ||| INVOKING Heroism.
 13496 | Gauntlet | Identified the +0 plate armour "Jarchyder" {rCorr}
 13496 | Gauntlet | Noticed a minotaur
 13497 | Gauntlet | 13497 ||| INVOKING Heroism.
 13520 | Gauntlet | HP: 22/88 [minotaur/staff of death (2)]
 13521 | Gauntlet | 13521 ||| DRINKING potion of heal wounds.
 13527 | Gauntlet | HP: 13/88 [minotaur/staff of death (17)]
 13529 | Gauntlet | Slain by a minotaur

Levels and vault maps discovered:
D:1:      dpeg_arrival_tiny_j, layout_rooms
D:2:      layout_loops_ring, nicolae_ecumenical_oubliette
D:3:      cheibrodos_helix_gallery, layout_loops_ring
D:4:      layout_layer_cave, nrook_mini_backslash, uniq_blork_the_orc
D:5:      layout_rooms, nicolae_shop_i_like_small_books_too
D:6:      layout_cave_pools, minmay_temple_entry_mist, uniq_menkaure
D:7:      layout_basic, mainiacjoe_overflow_divided_tiny, nicolae_custom_books,
          uniq_maggie
D:8:      layout_loops_ring, minivault_14, uniq_psyche, uniq_jeremiah,
          uniq_amaemon, uniq_grum
D:9:      layout_basic
D:10:     layout_long_grid, lair_entry_dummy, minmay_pinched_square
Temple:   mainiacjoe_temple_big_plus
Lair:1:   minmay_lair_oklob_tunnel, layout_chaotic_city,
          chequers_serial_rivers_large_b, infiniplex_staircase_pool_2
Lair:2:   nzn_winding_woodlands_small [nzn_winding_woodlands_5x15_garden,
          nzn_winding_woodlands_center_lodge,
          nzn_winding_woodlands_5x15_concentric], layout_loops_ring,
          elwin_shoals_entry_rooms, minmay_snake_entry_guardpost_medium,
          gammafunk_ghost_ooze, serial_bayou_shore_a
Lair:3:   layout_long_grid, gauntlet_entry_generic,
          nicolae_volcano_entry_vermiform, pond, grunt_megastairs_5
Gauntlet: gammafunk_gauntlet_mixed_choke_point
          [minmay_gauntlet_arena_77_two_paths,
          minmay_gauntlet_arena_77_run_for_it,
          minmay_gauntlet_arena_77_two_lines, gammafunk_gauntlet_arena_crates,
          minmay_gauntlet_arena_77_double_cross,
          minmay_gauntlet_arena_77_mirror, minmay_gauntlet_arena_77_box,
          gauntlet_exit_hidden_loot]

Skill      XL: |  1  2  3  4  5  6  7  8  9 10 11 12 13 |
---------------+----------------------------------------+-----
Ranged Weapons | 5 6 7 8 9 11 13 14 | 14.1
Fighting       | 3 4 6 8 9 11 13 | 13.0
Armour         | 1 3 5 7 8 |  8.3
Dodging        | 3 4 5 6 7 |  7.0
Invocations    | 3 4 6 8 |  8.3
Stealth        | |  1.1

Action                     |  1- 3 |  4- 6 |  7- 9 | 10-12 | 13-15 || total
---------------------------+-------+-------+-------+-------+-------++-------
   Fire: Shortbow          |    85 |   151 |   391 |  1113 |   313 ||  2053
 Invoke: Heroism           |       |       |     6 |    41 |    10 ||    57
    Use: Scroll            |     4 |     6 |     9 |     5 |     1 ||    25
         Potion            |       |       |       |     2 |     1 ||     3
 Armour: Leather armour    |     8 |    11 |       |       |       ||    19
         Ring mail         |       |    11 |       |       |       ||    11
         Robe              |       |       |    51 |       |       ||    51
         Acid dragon scale |       |       |    29 |   352 |   114 ||   495
         Skin              |       |       |       |    10 |       ||    10
  Dodge: Dodged            |    11 |    26 |   106 |   494 |   261 ||   898
  Block: Other             |       |       |    35 |   157 |    56 ||   248
         Reflection        |       |       |       |     4 |       ||     4

Table legend:
 A = Non-vault XP
 B = Vault XP
 C = Vault XP percentage of total XP
 D = Non-vault monster count
 E = Vault monster count
 F = Vault count percentage of total count
                 A         B        C        D         E       F
            +---------+---------+-------+---------+---------+-------
      Total |   21667 |   18272 |  45.7 |     270 |      65 |  19.4
            +---------+---------+-------+---------+---------+-------
        D:1 |      65 |       0 |   0.0 |      35 |       0 |   0.0
        D:2 |      55 |       0 |   0.0 |      16 |       0 |   0.0
        D:3 |     119 |       2 |   1.7 |      23 |       2 |   8.0
        D:4 |     503 |      90 |  15.2 |      17 |       1 |   5.6
        D:5 |     404 |       0 |   0.0 |      13 |       0 |   0.0
        D:6 |     677 |     157 |  18.8 |      11 |       1 |   8.3
        D:7 |     668 |     424 |  38.8 |      23 |       1 |   4.2
        D:8 |    1184 |    2393 |  66.9 |      22 |       8 |  26.7
        D:9 |    2397 |       0 |   0.0 |      39 |       0 |   0.0
       D:10 |    2319 |    4714 |  67.0 |      18 |      13 |  41.9
     Lair:1 |    3507 |    2380 |  40.4 |      16 |       5 |  23.8
     Lair:2 |    7172 |    5124 |  41.7 |      31 |      17 |  35.4
     Lair:3 |    2597 |     859 |  24.9 |       6 |       3 |  33.3
   Gauntlet |       0 |    2129 | 100.0 |       0 |      14 | 100.0
            +---------+---------+-------+---------+---------+-------
